 Dungeon Crawl Stone Soup version 0.31-a0-859-g9dce7d3444 (webtiles) character file.

Game seed: 7141101237019980085

43 Dirtsage the Ruffian (level 3, -6/23 HPs)
             Began as an Octopode Shapeshifter on Oct 9, 2023.
             Mangled by a gnoll
             ... wielding a +0 halberd
              (16 damage)
             ... on level 2 of the Dungeon.
             The game lasted 00:01:29 (989 turns).

Dirtsage the Ruffian (Octopode Shapeshifter)         Turns: 989, Time: 00:01:30

Health: -6/23      AC:  1    Str: 15    XL:     3   Next: 58%
Magic:  3/3        EV: 13    Int: 12    God:
Gold:   84         SH:  0    Dex: 11    Spells: 2/2 levels left

rFire   . .          .
                       - Unarmed
rCold   . . .        (no shield)
rNeg    . . .        (helmet currently unavailable)
rPois   .            (no amulet)
rElec   .            (no ring)
rCorr   .            (no ring)
SInv    .            (no ring)
Will    .....        (no ring)
Stlth   ++           (no ring)
HPRegen 0.23/turn    (no ring)
MPRegen 0.08/turn    (no ring)
                     (no ring)

%: no passive effects
@: beast-form
A: beast (slay +2), almost no armour, amphibious, 8 rings, camouflage 1,
gelatinous body 1, (nimble swimmer 1), tentacles
a: Begin Untransformation


You were on level 2 of the Dungeon.
You were a hulking beast.
You visited 1 branch of the dungeon, and saw 2 of its levels.

You collected 84 gold pieces.

Inventory:

Talismans
 b - a beast talisman (active)
 c - a flux talisman
Potions
 a - a potion of lignification
 f - a potion of degeneration {unknown}
 h - a potion of attraction


   Skills:
 - Level 1.0 Fighting
 - Level 2.0 Dodging
 + Level 3.8 Unarmed Combat
 + Level 3.6 Shapeshifting


You had 2 spell levels left.
You didn't know any spells.
Your spell library contained the following spells:

 Spells                   Type           Power      Damage    Failure   Level
 Ensorcelled Hibernation  Hex/Ice        0%         N/A       45%         2
 Passwall                 Tmut/Erth      0%         N/A       45%         2
 Swiftness                Air            0%         N/A       69%         3


Dungeon Overview and Level Annotations

Branches:
Dungeon (2/15)

Altars:


Innate Abilities, Weirdness & Mutations

You are a hulking beast.
Your limbs bulge with bestial killing power. (Slay +2)
You cannot wear most types of armour.
You are amphibious.
You can wear up to eight rings at the same time.
Your skin changes colour to match your surroundings (Stealth+).
Your rubbery body absorbs attacks. (AC +1, EV +1)
((You are camouflaged when in or above water. (Stealth+)))
You have tentacles for arms and can constrict up to eight enemies at once.


Message History

A gnoll comes into view. It is wielding a +0 club.
The bat closely misses you. The bat misses you.
The gnoll attacks as it pursues you! The gnoll closely misses you.
The bat misses you. The gnoll misses you. The bat closely misses you.
The gnoll misses you. The bat barely misses you.
The bat attacks as it pursues you! The bat barely misses you.
The bat hits you but does no damage. The bat misses you.
The gnoll closely misses you. The bat hits you.
The bat attacks as it pursues you! The bat hits you.
The bat hits you but does no damage. The bat completely misses you.
You take 1 damage, and have 21/23 hp.
The bat closely misses you.
You see here a rat corpse.
The bat misses you. The bat hits you.
You take 1 damage, and have 21/23 hp.
You miss the bat. You grab the bat. You constrict the bat. The bat hits you.
The bat struggles to escape constriction.
The bat escapes!
You take 1 damage, and have 20/23 hp.
The bat hits you but does no damage. The bat barely misses you.
There is a stone staircase leading up here.
You can't go down here!
You tentacle-slap the bat. Your grab misses the bat.
Your squeeze misses the bat.
The bat is severely wounded.
The bat hits you. The gnoll barely misses you.
You closely miss the bat. Your grab misses the bat.
The bat is severely wounded.
The bat hits you but does no damage.
The gnoll hits you from afar with a +0 halberd!
The bat barely misses you.
You take 10 damage, and have 10/23 hp.
MASSIVE DAMAGE!!
The bat closely misses you.
The gnoll hits you from afar with a +0 halberd!
Ouch! That really hurt!
You die...

.. ..#### ###### .....
.......#####.... ..#.#
...............# #.#.#
..#......##...#### #.#.#
.................# #.#.# #
#.....###J..##.###.#.# #.
##.....hbg...##.r.....## #.##
###........r†..#####......
#..#####.......###....# #....#.
#......>.......##......# #....#
#.........#.....#.#......##....##
#.................#.####.#.......
..)............##...# #....÷...##
.†...#####.#.#####......#.#....#
..#...# #†..# ..## #.#....#


You could see a gnoll, an endoplasm, a bat and a rat.

Vanquished Creatures
  An adder (D:2)
  2 dart slugs (D:1)
  An orc (D:2)
  2 ball pythons
  2 bats (D:1)
  2 endoplasms
  3 giant cockroaches
  2 goblins (D:2)
  5 hobgoblins
  A quokka (D:1)
  A kobold (D:1)
  4 rats
26 creatures vanquished.

Notes
Turn   | Place    | Note
-------+----------+-------------------------------------------
     0 | D:1      | Dirtsage the Octopode Shapeshifter began the quest for the
                  | Orb.
     0 | D:1      | Reached XP level 1. HP: 13/13 MP: 1/1
   138 | D:1      | Reached XP level 2. HP: 18/18 MP: 2/2
   726 | D:2      | Reached XP level 3. HP: 23/23 MP: 3/3
   989 | D:2      | Mangled by a gnoll

Illustrated notes

Levels and vault maps discovered:
D:1:      dpeg_arrival_round_b, layout_basic, amcnicky_mini_rare_corridor_liquid
D:2:      layout_rooms, kennysheep_another_room, uniq_terence

Action                     || total
---------------------------++-------
  Melee: Unarmed           ||    51
         Constrict         ||    14
         Tentacles         ||     6
         Punch             ||     2
    Use: Scroll            ||     5
   Stab: Sleeping          ||     5
 Armour: Skin              ||    28
  Dodge: Dodged            ||    39

Table legend: (Time is in decaauts)
 A = Elapsed time spent in this place.
 B = Non-inter-level travel time spent in this place.
 C = Inter-level travel time spent in this place.
 D = Time resting spent in this place.
 E = Time spent auto-exploring this place.
 F = Levels seen in this place.
 G = Mean time per level.
                   A        B        C        D        E       F      G
               +--------+--------+--------+--------+--------+-----+--------+
         Total |    984 |    954 |     30 |      0 |    775 |   2 |  492.0 |
       Dungeon |    984 |    954 |     30 |      0 |    775 |   2 |  492.0 |
               +--------+--------+--------+--------+--------+-----+--------+

Top non-repeatable levels by time:
     D:1: 713 daAuts
     D:2: 271 daAuts
